 Dungeon Crawl Stone Soup version 0.22-a0-246-gdc04c06 (webtiles) character file.

198 KristoblXynda the Insei (level 5, -13/47 HPs)
             Began as a Draconian Monk on Feb 22, 2018.
             Mangled by an ogre
             ... wielding a +0 giant spiked club
              (20 damage)
             ... on level 3 of the Dungeon.
             The game lasted 00:04:02 (2281 turns).

KristoblXynda the Insei (Draconian Monk)            Turns: 2281, Time: 00:04:02

Health: -13/47     AC:  9    Str: 13    XL:     5   Next: 47%
Magic:  5/5        EV: 13    Int: 12    God:
Gold:   185        SH:  0    Dex: 13    Spells: 4/4 levels left

rFire    . . .     SeeInvis .     - Unarmed
rCold    . . .     Gourm    .   (no shield)
rNeg     . . .     Faith    .   (armour unavailable)
rPois    .         Spirit   .   (helmet restricted)
rElec    .         Reflect  .   (no cloak)
rCorr    .         Harm     .   f - +0 pair of gloves
MR       .....                  n - +2 pair of boots
Stlth    +++.......             (no amulet)
HPRegen  0.15/turn              p - ring of stealth
MPRegen  0.09/turn              (no ring)

@: no status effects
A: unfitting armour, cold-blooded, AC +5
a: no special abilities


You were on level 3 of the Dungeon.
You were not hungry.

You visited 1 branch of the dungeon, and saw 3 of its levels.

You collected 185 gold pieces.

Inventory:

Armour
 f - a +0 pair of gloves (worn)
 j - a +0 buckler
 n - a +2 pair of boots (worn)
 q - a +2 shield
Jewellery
 p - a ring of stealth (left hand)
Scrolls
 c - 3 scrolls of magic mapping
 g - 2 scrolls of amnesia {unknown}
 l - a scroll of teleportation {unknown}
 m - a scroll of fear {unknown}
Potions
 b - 2 potions of lignification
 d - a potion of heal wounds
 e - a potion of curing {unknown}
 h - a potion of ambrosia
 o - a potion of invisibility
Comestibles
 a - 4 rations
 i - 5 chunks of flesh


   Skills:
 + Level 4.4 Fighting
 + Level 3.6 Dodging
 - Level 1.7 Stealth
 * Level 4.9 Unarmed Combat


You had 4 spell levels left.
You didn't know any spells.

Dungeon Overview and Level Annotations

Branches:
Dungeon (3/15)

Altars:
Xom
Zin


Innate Abilities, Weirdness & Mutations

Your plain brown scales are hard. (AC +5)
You cannot fit into any form of body armour.
You are cold-blooded and may be slowed by cold attacks.


Message History

The helpless ogre fails to defend itself.
You hit the ogre. You punch the ogre.
The ogre is moderately wounded.
The ogre closely misses you.
You hit the ogre.
The ogre is moderately wounded.
You hit the ogre.
The ogre is heavily wounded.
The ogre hits you with a giant spiked club.
You hit the ogre but do no damage.
The ogre is heavily wounded.
You barely miss the ogre.
The ogre is heavily wounded.
The ogre hits you with a giant spiked club!!
Ouch! That really hurt!
* * * LOW HITPOINT WARNING * * *
You hit the ogre. You punch the ogre.
The ogre is severely wounded.
The ogre hits you with a giant spiked club!!
You die...

#######..##.#### #.# *****,,***
#........# #.# *,*,*, ***
##.##.##.# #.# *,**,, ,,*
#.##)#*,#####.# *,***, *,*
#.##)##....##.#######,* *, *,*
#.......##.##.......#,* *, *,*
#.#####.##.##)#####...* *, *,*
#.# #.#O..#.# *,*** *, *,* #.#
#..@....# *,* *, *,* #.#
#.#...#.# *,* *, *,*
#.#***#,##.##.#****,* *,
*,*****#..,,,,,#...#..,,,,,* *,
,,,,,,,..,,,,,#.....###,**** *,
*,,,,,,,,,,,,........#,,,*******,
***********,..#..w.....,,,,,,,,,,
#..###...###..,********
#..,,$w.## *#.#*


You could see an ogre and a worm.

Vanquished Creatures
  Jessica (D:3)
  4 orc wizards (D:3)
  An adder (D:3)
  A worm (D:2)
  A dart slug (D:2)
  2 leopard geckos
  5 orcs (D:3)
  2 giant cockroaches
  3 goblins (D:2)
  5 hobgoblins
  5 jackals
  3 quokkas (D:2)
  A bat (D:1)
  6 frilled lizards
  9 kobolds
  2 rats (D:2)
51 creatures vanquished.

Notes
Turn   | Place    | Note
-------+----------+-------------------------------------------
     0 | D:1      | KristoblXynda the Draconian Monk began the quest for the Orb.
     0 | D:1      | Reached XP level 1. HP: 19/19 MP: 1/1
   155 | D:1      | Reached XP level 2. HP: 14/26 MP: 2/2
   876 | D:2      | Noticed an angel
  1106 | D:2      | Reached XP level 3. HP: 33/33 MP: 3/3
  1205 | D:2      | Found a glowing silver altar of Zin.
  1212 | D:2      | Found a shimmering altar of Xom.
  1814 | D:3      | Reached XP level 4. HP: 15/40 MP: 4/4
  1885 | D:3      | Reached XP level 5. HP: 15/46 MP: 5/5
  2090 | D:3      | Noticed Jessica
  2125 | D:3      | Killed Jessica
  2271 | D:3      | Noticed an ogre
  2281 | D:3      | Mangled by an ogre

Vault maps used:
D:1:      lightli_arrival_statue_moat
D:2:      grunt_temple_overflow_order_and_chaos_1
D:3:      uniq_ijyb, uniq_jessica

Skill      XL: |  1  2  3  4 |
---------------+-------------+-----
Dodging        | 3 |  3.6
Unarmed Combat | 4 |  4.9
Fighting       | 4 |  4.4
Stealth        | |  1.7

Action                   |  1- 3 |  4- 6 || total
-------------------------+-------+-------++-------
Melee: Unarmed           |   142 |    69 ||   211
       Tailslap          |    16 |    11 ||    27
       Punch             |     2 |     3 ||     5
  Use: Potion            |       |     1 ||     1
       Scroll            |       |     4 ||     4
 Stab: Sleeping          |     5 |     1 ||     6
  Eat: Chunk             |     3 |     2 ||     5
Armor: Skin              |    27 |    23 ||    50
Dodge: Dodged            |    84 |    30 ||   114

Table legend:
 A = Spawn XP
 B = Non-spawn XP
 C = Spawn XP percentage of total XP
 D = Spawn monster count
 E = Non-spawn monster count
 F = Spawn count percentage of total count
 G = Total turns spent on level
                    A         B        C        D         E        F      G
               +---------+---------+-------+---------+---------+-------+---------
         Total |       0 |     284 |   0.0 |       0 |      51 |   0.0 |  2281
               +---------+---------+-------+---------+---------+-------+---------
           D:1 |       0 |      27 |   0.0 |       0 |      16 |   0.0 |   826
           D:2 |       0 |      33 |   0.0 |       0 |      16 |   0.0 |   935
           D:3 |       0 |     224 |   0.0 |       0 |      19 |   0.0 |   520
               +---------+---------+-------+---------+---------+-------+---------
